General information
- name: BNet
- type: Ladder team game (AT/RT)
- host: Battle.net
- saver: MarchOfTheTroll
map: Deadlock
- players: 8
- length: 37:51
- speed: Fast
- version: 1.26 W3XP
- replay type: Public
» download(215 KB)
Players
team 1 (loser)

»
Drone (
yellow | 36 APM | 1322 actions | 37:12)
5 Archmage
2 Summon Water Elemental
3 Brilliance Aura
1 Tauren Chieftain
1 Endurance Aura
2 Goblin Alchemist
1 Acid Bomb
1 Healing Spray
1 Pit Lord
1 Cleaving Attack
» actions
| Basic commands | 42 | |
| Build / train | 91 | |
| Enter build submenu | 36 | |
| Enter hero's abilities submenu | 9 | |
| Remove unit from queue | 2 | |
| Right click | 622 | |
| Select / deselect | 450 | |
| Use ability | 70 | |
1322 total
» units
| Peasant | 12 | |
| Rifleman | 1 | |
| Priest | 3 | |
| Siege Engine | 11 | |
| Knight | 4 | |
| Sorceress | 2 | |
| Peon | 10 | |
| Mortar Team | 2 | |
| Tauren | 6 | |
51 total
» upgrades
| Plating | 3 | |
| Gunpowder | 2 | |
| Masonry | 3 | |
| Barrage | 1 | |
| Magic Sentry | 1 | |
| Priest Training | 1 | |
| Animal War Training | 1 | |
| Sorceress Training | 1 | |
| Fragmentation Shards | 1 | |
14 total
» buildings
| Altar of Kings | 1 | |
| Farm | 11 | |
| Blacksmith | 1 | |
| Lumber Mill | 1 | |
| Scout Tower | 14 | |
| Arcane Tower | 1 | |
| Barracks | 1 | |
| Keep | 1 | |
| Guard Tower | 9 | |
| Arcane Vault | 1 | |
| Castle | 1 | |
| Arcane Sanctum | 1 | |
| Workshop | 2 | |
| Tauren Totem | 1 | |
| Town Hall | 1 | |
| Orc Burrow | 1 | |
48 total
» build order
00:14 Altar of Kings
00:21 Farm
01:05 Blacksmith
01:13 Lumber Mill
01:18 Scout Tower
01:34 Farm
01:47 Arcane Tower
02:22 Barracks
02:29 Scout Tower
03:06 Scout Tower
05:15 Keep
05:18 Guard Tower
05:35 Scout Tower
05:44 Arcane Vault
05:51 Scout Tower
06:07 Guard Tower
06:10 Scout Tower
06:17 Scout Tower
06:22 Guard Tower
06:42 Guard Tower
07:03 Scout Tower
07:07 Scout Tower
07:10 Guard Tower
07:37 Farm
08:09 Castle
08:12 Guard Tower
08:21 Arcane Sanctum
09:10 Workshop
09:16 Workshop
12:34 Farm
13:17 Farm
13:38 Farm
14:15 Farm
14:22 Farm
14:56 Farm
15:06 Farm
17:02 Scout Tower
19:47 Guard Tower
19:54 Scout Tower
21:07 Guard Tower
22:55 Scout Tower
28:55 Scout Tower
29:02 Scout Tower
29:32 Guard Tower
30:38 Farm
30:52 Tauren Totem
32:26 Town Hall
36:18 Orc Burrow
» items
| Potion of Lesser Invulnerability | 1 | |
| Scroll of Town Portal | 1 | |
2 total
Fumbler (
red | 51 APM | 900 actions | 17:31)
4 Pit Lord
2 Rain of Fire
2 Cleaving Attack
2 Tauren Chieftain
1 Endurance Aura
1 Shockwave
1 Goblin Alchemist
1 Healing Spray
» actions
| Assign group hotkey | 10 | |
| Basic commands | 30 | |
| Build / train | 74 | |
| Enter build submenu | 15 | |
| Enter hero's abilities submenu | 7 | |
| Give item / drop item | 2 | |
| Right click | 427 | |
| Select / deselect | 253 | |
| Select group hotkey | 25 | |
| Use ability | 57 | |
900 total
» units
| Peon | 21 | |
| Grunt | 6 | |
| Razormane Medicine Man | 4 | |
| Shaman | 2 | |
33 total
» upgrades
| Pillage | 1 | |
| Melee Weapons | 3 | |
| Armor | 3 | |
| Berserker Strength | 1 | |
| Shaman Training | 2 | |
| Envenomed Spears | 1 | |
11 total
» buildings
| Barracks | 1 | |
| Orc Burrow | 6 | |
| Altar of Storms | 1 | |
| Voodoo Lounge | 1 | |
| War Mill | 1 | |
| Great Hall | 1 | |
| Stronghold | 1 | |
| Fortress | 1 | |
| Spirit Lodge | 2 | |
| Beastiary | 2 | |
17 total
» build order
00:04 Barracks
00:17 Orc Burrow
00:37 Altar of Storms
01:52 Orc Burrow
02:13 Voodoo Lounge
03:02 War Mill
04:21 Great Hall
05:17 Orc Burrow
07:11 Stronghold
09:08 Orc Burrow
09:11 Orc Burrow
10:01 Fortress
10:13 Spirit Lodge
10:15 Spirit Lodge
13:52 Orc Burrow
15:59 Beastiary
16:00 Beastiary
» items
| Circlet of Nobility | 3 | |
| Healing Salve | 3 | |
| Scroll of Speed | 2 | |
| Scroll of Town Portal | 3 | |
| Staff of Teleportation | 1 | |
| Scroll of Healing | 2 | |
| Scroll of Protection | 1 | |
| Scroll of Regeneration | 1 | |
| Staff of Sanctuary | 1 | |
| Orb of Fire | 1 | |
18 total
DORATHEEXPL0RER (
purple | 71 APM | 2685 actions | 37:50)
6 Blademaster
3 Wind Walk
2 Critical Strike
1 Bladestorm
4 Shadow Hunter
2 Hex
2 Healing Wave
» actions
| Assign group hotkey | 77 | |
| Basic commands | 16 | |
| Build / train | 82 | |
| Enter build submenu | 21 | |
| Enter hero's abilities submenu | 10 | |
| Give item / drop item | 4 | |
| Right click | 1091 | |
| Select / deselect | 336 | |
| Select group hotkey | 835 | |
| Use ability | 213 | |
2685 total
» units
| Peon | 13 | |
| Grunt | 3 | |
| Wind Rider | 10 | |
| Troll Batrider | 14 | |
| Demolisher | 6 | |
46 total
» upgrades
| Ranged Weapons | 3 | |
| Reinforced Defenses | 1 | |
| Armor | 1 | |
| Liquid Fire | 1 | |
| Burning Oil | 1 | |
7 total
» buildings
| Altar of Storms | 1 | |
| Orc Burrow | 6 | |
| Barracks | 2 | |
| Stronghold | 1 | |
| Voodoo Lounge | 1 | |
| Beastiary | 3 | |
| Great Hall | 1 | |
| War Mill | 1 | |
| Fortress | 1 | |
| Watch Tower | 16 | |
33 total
» build order
00:11 Altar of Storms
00:21 Orc Burrow
00:37 Barracks
01:23 Orc Burrow
02:42 Stronghold
02:54 Voodoo Lounge
03:31 Orc Burrow
03:44 Orc Burrow
05:25 Beastiary
05:28 Beastiary
06:25 Great Hall
07:55 War Mill
08:43 Orc Burrow
08:59 Fortress
09:55 Watch Tower
09:55 Watch Tower
12:50 Watch Tower
12:50 Watch Tower
12:50 Watch Tower
13:32 Orc Burrow
15:40 Beastiary
16:54 Watch Tower
16:55 Watch Tower
16:57 Watch Tower
16:57 Watch Tower
18:53 Watch Tower
18:53 Watch Tower
18:54 Watch Tower
18:54 Watch Tower
20:55 Watch Tower
20:55 Watch Tower
32:17 Barracks
» items
| Healing Salve | 2 | |
| Staff of Teleportation | 2 | |
| Scroll of Town Portal | 4 | |
| Potion of Lesser Invulnerability | 1 | |
| Dust of Appearance | 1 | |
| Scroll of Healing | 1 | |
| Orb of Lightning | 1 | |
| Lesser Clarity Potion | 1 | |
| Tiny Great Hall | 1 | |
14 total
NoXzerDon_99 (
pink | 40 APM | 665 actions | 16:32)
5 Archmage
2 Brilliance Aura
3 Summon Water Elemental
» actions
| Basic commands | 1 | |
| Build / train | 49 | |
| Enter build submenu | 16 | |
| Enter hero's abilities submenu | 5 | |
| Give item / drop item | 1 | |
| Remove unit from queue | 1 | |
| Right click | 363 | |
| Select / deselect | 193 | |
| Use ability | 36 | |
665 total
» units
| Peasant | 9 | |
| Footman | 9 | |
| Priest | 4 | |
| Sorceress | 4 | |
| Knight | 6 | |
32 total
» upgrades
| Lumber Harvesting | 2 | |
| Animal War Training | 0 | |
2 total
» buildings
| Altar of Kings | 1 | |
| Barracks | 2 | |
| Farm | 10 | |
| Scout Tower | 1 | |
| Lumber Mill | 1 | |
| Arcane Tower | 1 | |
| Arcane Vault | 2 | |
| Keep | 1 | |
| Blacksmith | 1 | |
| Town Hall | 2 | |
| Castle | 1 | |
| Arcane Sanctum | 1 | |
24 total
» build order
00:08 Altar of Kings
00:10 Barracks
00:12 Farm
00:45 Scout Tower
01:15 Lumber Mill
01:52 Arcane Tower
02:04 Farm
03:02 Farm
03:37 Arcane Vault
03:40 Arcane Vault
03:44 Keep
05:12 Blacksmith
05:22 Farm
05:24 Farm
05:26 Farm
05:28 Farm
06:59 Town Hall
07:04 Town Hall
07:14 Castle
07:21 Barracks
07:30 Arcane Sanctum
08:40 Farm
08:43 Farm
08:45 Farm
» items
| Scroll of Regeneration | 2 | |
| Mechanical Critter | 1 | |
| Scroll of Town Portal | 2 | |
5 total
team 2 (winner)

»
deaddozer (
teal | 32 APM | 1002 actions | 30:57)
5 Death Knight
2 Death Coil
3 Unholy Aura
» actions
| Basic commands | 269 | |
| Build / train | 78 | |
| Enter build submenu | 25 | |
| Enter hero's abilities submenu | 5 | |
| Remove unit from queue | 4 | |
| Right click | 233 | |
| Select / deselect | 328 | |
| Use ability | 60 | |
1002 total
» units
| Acolyte | 9 | |
| Ghoul | 4 | |
| Crypt Fiend | 11 | |
| Centaur Outrunner | 1 | |
| Frost Wyrm | 6 | |
| Gargoyle | 4 | |
35 total
» upgrades
| Creature Attack | 3 | |
| Creature Carapace | 3 | |
| Web | 1 | |
| Freezing Breath | 1 | |
8 total
» buildings
| Ziggurat | 11 | |
| Altar of Darkness | 1 | |
| Crypt | 2 | |
| Graveyard | 1 | |
| Nerubian Tower | 1 | |
| Tomb of Relics | 1 | |
| Spirit Tower | 5 | |
| Halls of the Dead | 1 | |
| Necropolis | 1 | |
| Black Citadel | 1 | |
| Sacrificial Pit | 1 | |
| Boneyard | 2 | |
28 total
» build order
00:17 Ziggurat
00:27 Altar of Darkness
00:45 Crypt
01:13 Graveyard
01:27 Nerubian Tower
01:41 Tomb of Relics
02:03 Ziggurat
04:47 Spirit Tower
04:49 Halls of the Dead
06:12 Halls of the Dead
07:06 Necropolis
07:32 Crypt
08:03 Ziggurat
08:05 Ziggurat
09:01 Spirit Tower
09:16 Ziggurat
09:23 Ziggurat
09:55 Ziggurat
10:18 Spirit Tower
10:52 Spirit Tower
10:58 Ziggurat
11:24 Black Citadel
12:06 Sacrificial Pit
13:07 Ziggurat
13:14 Spirit Tower
13:17 Ziggurat
13:24 Ziggurat
13:50 Boneyard
13:56 Boneyard
» items
| Rod of Necromancy | 4 | |
| Scroll of Town Portal | 3 | |
| Potion of Healing | 5 | |
| Orb of Corruption | 1 | |
| Scroll of Healing | 3 | |
| Potion of Lesser Invulnerability | 1 | |
17 total
MarchOfTheTroll (
green | 101 APM | 3826 actions | 37:51)
8 Blademaster
3 Wind Walk
3 Critical Strike
1 Bladestorm
1 Mirror Image
» actions
| Assign group hotkey | 191 | |
| Basic commands | 130 | |
| Build / train | 120 | |
| ESC pressed | 8 | |
| Enter build submenu | 61 | |
| Enter hero's abilities submenu | 8 | |
| Give item / drop item | 12 | |
| Remove unit from queue | 1 | |
| Right click | 1581 | |
| Select / deselect | 436 | |
| Select group hotkey | 966 | |
| Use ability | 312 | |
3826 total
» units
| Peon | 14 | |
| Grunt | 7 | |
| Troll Headhunter/Berserker | 17 | |
| Kodo Beast | 1 | |
| Wind Rider | 4 | |
43 total
» upgrades
| Pillage | 2 | |
| Armor | 3 | |
| Ranged Weapons | 3 | |
| Berserker Upgrade | 1 | |
| Reinforced Defenses | 1 | |
| Berserker Strength | 1 | |
| Troll Regeneration | 1 | |
| Envenomed Spears | 1 | |
| War Drums Damage Increase | 1 | |
| Spiked Barricades | 2 | |
16 total
» buildings
| Orc Burrow | 6 | |
| Altar of Storms | 1 | |
| Barracks | 2 | |
| Voodoo Lounge | 2 | |
| War Mill | 1 | |
| Stronghold | 4 | |
| Great Hall | 6 | |
| Fortress | 2 | |
| Watch Tower | 22 | |
| Beastiary | 3 | |
| Moon Well | 7 | |
| Scout Tower | 1 | |
57 total
» build order
00:13 Orc Burrow
01:04 Altar of Storms
01:05 Barracks
01:12 Orc Burrow
01:50 Voodoo Lounge
02:28 War Mill
03:03 Orc Burrow
04:37 Stronghold
04:37 Stronghold
04:38 Stronghold
05:49 Great Hall
06:07 Great Hall
07:38 Fortress
09:21 Great Hall
09:56 Watch Tower
09:57 Watch Tower
09:59 Watch Tower
10:00 Watch Tower
10:01 Watch Tower
10:02 Watch Tower
11:30 Watch Tower
11:32 Watch Tower
11:35 Watch Tower
11:38 Watch Tower
13:13 Beastiary
13:17 Beastiary
14:28 Barracks
17:51 Orc Burrow
17:56 Orc Burrow
18:37 Beastiary
19:04 Watch Tower
19:09 Watch Tower
20:59 Orc Burrow
23:12 Watch Tower
23:14 Watch Tower
25:29 Great Hall
25:33 Watch Tower
26:08 Watch Tower
26:23 Watch Tower
26:59 Watch Tower
27:36 Watch Tower
29:07 Watch Tower
29:09 Watch Tower
33:26 Moon Well
33:27 Moon Well
33:29 Moon Well
33:31 Moon Well
33:49 Great Hall
34:15 Voodoo Lounge
34:19 Great Hall
34:27 Moon Well
34:27 Moon Well
34:30 Moon Well
34:47 Scout Tower
36:57 Watch Tower
» items
| Boots of Speed | 2 | |
| Staff of Teleportation | 1 | |
| Healing Salve | 6 | |
| Lesser Clarity Potion | 7 | |
| Scroll of Town Portal | 5 | |
| Orb of Lightning | 1 | |
| Potion of Mana | 1 | |
| Potion of Healing | 1 | |
| Orb of Corruption | 1 | |
25 total
robytie (
orange | 34 APM | 1042 actions | 31:03)
4 Demon Hunter
2 Mana Burn
2 Evasion
3 Priestess of the Moon
2 Trueshot Aura
1 Searing Arrows
» actions
| Assign group hotkey | 13 | |
| Basic commands | 22 | |
| Build / train | 59 | |
| Enter build submenu | 26 | |
| Enter hero's abilities submenu | 8 | |
| Right click | 292 | |
| Select / deselect | 253 | |
| Select group hotkey | 296 | |
| Use ability | 73 | |
1042 total
» units
| Wisp | 23 | |
| Archer | 2 | |
| Druid of the Claw | 6 | |
| Dryad | 3 | |
34 total
» upgrades
| Ultravision | 1 | |
| Strength of the Wild | 2 | |
| Reinforced Hides | 2 | |
| Abolish Magic | 1 | |
| Druid of the Claw Training | 2 | |
| Mark of the Claw | 1 | |
| Well Spring | 1 | |
10 total
» buildings
| Altar of Elders | 3 | |
| Moon Well | 11 | |
| Ancient of War | 1 | |
| Ancient of Wonders | 1 | |
| Tree of Ages | 1 | |
| Hunter's Hall | 2 | |
| Ancient Protector | 2 | |
| Ancient of Lore | 3 | |
| Tree of Eternity | 1 | |
| Tree of Life | 1 | |
26 total
» build order
00:12 Altar of Elders
00:24 Moon Well
00:55 Ancient of War
01:42 Moon Well
01:55 Ancient of Wonders
02:24 Moon Well
02:48 Tree of Ages
03:19 Hunter's Hall
03:48 Moon Well
04:12 Moon Well
04:29 Ancient Protector
05:51 Ancient of Lore
06:30 Ancient of Lore
07:04 Ancient Protector
08:36 Moon Well
08:54 Tree of Eternity
09:04 Moon Well
13:42 Ancient of Lore
19:49 Tree of Life
25:14 Moon Well
25:18 Moon Well
25:25 Altar of Elders
26:58 Moon Well
27:39 Moon Well
29:56 Altar of Elders
30:23 Hunter's Hall
» items
| Potion of Healing | 1 | |
| Scroll of Town Portal | 1 | |
| Boots of Speed | 1 | |
| Potion of Lesser Invulnerability | 1 | |
4 total
jhredskins21 (
blue | 28 APM | 857 actions | 31:09)
4 Paladin
2 Holy Light
2 Devotion Aura
3 Mountain King
1 Storm Bolt
2 Bash
» actions
| Build / train | 74 | |
| Enter build submenu | 24 | |
| Enter hero's abilities submenu | 7 | |
| Right click | 352 | |
| Select / deselect | 318 | |
| Use ability | 82 | |
857 total
» units
| Peasant | 21 | |
| Footman | 9 | |
| Gryphon Rider | 12 | |
42 total
» upgrades
| Swords | 2 | |
| Armor | 2 | |
| Lumber Harvesting | 2 | |
| Masonry | 2 | |
| Storm Hammers | 1 | |
9 total
» buildings
| Farm | 11 | |
| Altar of Kings | 1 | |
| Barracks | 1 | |
| Lumber Mill | 1 | |
| Arcane Vault | 1 | |
| Scout Tower | 21 | |
| Town Hall | 3 | |
| Keep | 1 | |
| Blacksmith | 1 | |
| Guard Tower | 8 | |
| Castle | 1 | |
| Gryphon Aviary | 4 | |
54 total
» build order
00:24 Farm
00:25 Farm
00:38 Altar of Kings
00:59 Barracks
01:42 Farm
02:02 Lumber Mill
02:28 Arcane Vault
02:50 Scout Tower
04:20 Town Hall
04:40 Keep
04:46 Scout Tower
04:47 Scout Tower
04:48 Scout Tower
04:50 Scout Tower
05:08 Blacksmith
05:16 Guard Tower
07:20 Farm
07:20 Farm
07:21 Farm
07:22 Farm
07:36 Guard Tower
09:11 Castle
09:16 Gryphon Aviary
09:17 Gryphon Aviary
09:19 Gryphon Aviary
10:01 Farm
10:02 Farm
10:06 Scout Tower
10:07 Scout Tower
10:22 Gryphon Aviary
10:45 Farm
12:58 Farm
12:59 Guard Tower
14:36 Scout Tower
14:37 Scout Tower
14:38 Scout Tower
14:39 Scout Tower
18:47 Town Hall
19:18 Scout Tower
19:19 Scout Tower
19:20 Scout Tower
19:21 Scout Tower
22:20 Town Hall
25:24 Scout Tower
25:25 Scout Tower
25:26 Scout Tower
25:28 Scout Tower
25:29 Scout Tower
25:32 Scout Tower
26:23 Guard Tower
27:01 Guard Tower
27:04 Guard Tower
27:47 Guard Tower
28:08 Guard Tower
» items
| Potion of Healing | 2 | |
| Potion of Mana | 1 | |
3 total
Chat log
(01:12 / Allies) jhredskins21: fast expo
(01:20 / Allies) deaddozer: me 2
(01:21 / Allies) robytie: k
(01:32 / Allies) jhredskins21: gonna go grifs
(01:33 / Allies) MarchOfTheTroll: I'm expoing here
(04:41 / All) Drone: purp
(05:55 / Allies) MarchOfTheTroll: move your fiends
(05:59 / Allies) MarchOfTheTroll: That was my manual of health
(06:02 / Allies) MarchOfTheTroll: You stole it faggot
(06:07 / Allies) deaddozer: relax
(06:14 / Allies) MarchOfTheTroll: Give me 200 gold to make up for it
(08:36 / Allies) jhredskins21: omw teal
(09:30 / Allies) jhredskins21: teal
(11:08 / Allies) jhredskins21: oj
(11:12 / Allies) jhredskins21: lets harass
(11:20 / Allies) jhredskins21: ok
(13:01 / Allies) MarchOfTheTroll: wood
(13:08 / Allies) MarchOfTheTroll: ty
(13:31 / Allies) jhredskins21: 1 sec
(14:25 / Allies) deaddozer: ill force tp
(14:47 / Allies) jhredskins21: someone has to get something to abolish magic
(15:43 / Allies) robytie: b green
(16:38 / All) MarchOfTheTroll: why the hell did he leave
(16:47 / All) Fumbler: purple is like half backstabbign
(16:53 / All) MarchOfTheTroll: What's he doing
(17:03 / All) Fumbler: taking my items
(17:06 / All) MarchOfTheTroll: lol
(17:10 / All) jhredskins21: omg
(17:15 / All) jhredskins21: the worlds gonna end
(17:15 / All) Fumbler: staff of teleporting to my hero when in trouble
(17:17 / All) Fumbler: etc,
(17:36 / All) MarchOfTheTroll: LOL
(17:38 / All) MarchOfTheTroll: he left fast
(17:58 / Allies) MarchOfTheTroll: wood please
(18:18 / All) jhredskins21: gg
(18:27 / Allies) jhredskins21: oj tp
(18:28 / Allies) MarchOfTheTroll: b
(18:41 / Allies) deaddozer: wtf green?
(19:19 / Allies) MarchOfTheTroll: wood
(19:27 / Allies) MarchOfTheTroll: ty
(19:58 / Allies) jhredskins21: be ready to tp
(20:19 / All) deaddozer: gg
(20:26 / Allies) deaddozer: archmage
(21:23 / Allies) jhredskins21: gold plz
(21:27 / Allies) jhredskins21: need a th
(21:30 / Allies) MarchOfTheTroll: I don't have much man
(21:37 / Allies) jhredskins21: ty teal
(22:32 / Allies) jhredskins21: teal ill send grifs with you
(23:40 / Allies) deaddozer: go
(24:22 / Allies) jhredskins21: omw teal
(24:57 / Allies) jhredskins21: stay out of tower range
(25:42 / Allies) deaddozer: ill mass fiends
(26:35 / Allies) MarchOfTheTroll: ?
(26:36 / Allies) robytie: unblock plz
(26:39 / Allies) MarchOfTheTroll: they're trolls
(26:44 / Allies) robytie: lol
(27:14 / All) MarchOfTheTroll: Orange do you like trolls?
(27:20 / All) MarchOfTheTroll: They are the proud island race of the Horde
(27:31 / All) MarchOfTheTroll: They have beautiful old traditions such as voodoo and cannibalism
(27:32 / Allies) jhredskins21: green just move
(27:43 / All) MarchOfTheTroll: Blue I can only command orcs
(27:48 / All) MarchOfTheTroll: The trolls are not under orcish authority
(27:55 / Allies) robytie: get gold mines while they are locked in their bases
(27:56 / All) MarchOfTheTroll: As you could see on the loading screen I picked orc, not troll
(28:15 / All) MarchOfTheTroll: I moved my kodo beast and blademaster
(28:27 / Allies) deaddozer: why even bother playing
(28:28 / All) MarchOfTheTroll: However, I cannot just command the trolls like that
(28:36 / All) MarchOfTheTroll: They are not part of the Orcish Horde, just the Horde
(28:41 / All) MarchOfTheTroll: I chose orc, I am playing orc
(28:50 / All) MarchOfTheTroll: You can only command orcish units, the trolls are their own faction
(28:56 / All) MarchOfTheTroll: You'd understand this if you played the campaign
(29:02 / Allies) deaddozer: wow...
(29:09 / Allies) jhredskins21: green can i get some gold plz? you got 5k
(29:25 / All) MarchOfTheTroll: ORANGE KILLED A TROLL
(29:27 / All) MarchOfTheTroll: TEAM KILLER
(29:32 / All) MarchOfTheTroll: KILL ORANGE
(29:33 / All) MarchOfTheTroll: TKER
(29:33 / All) MarchOfTheTroll: TKER
(29:34 / All) MarchOfTheTroll: TKER
(29:38 / All) MarchOfTheTroll: ORANGE TK NOW
(29:49 / All) MarchOfTheTroll: TKER
(29:52 / All) MarchOfTheTroll: TEAL TK
(29:53 / All) MarchOfTheTroll: TEAL TK
(29:56 / All) MarchOfTheTroll: ORANGE AND TEAL TK
(30:06 / Allies) jhredskins21: green calm the fuck down and play we got this in the bag
(30:08 / All) MarchOfTheTroll: KILL THE TKERS
(30:09 / All) MarchOfTheTroll: TKERS
(30:09 / All) MarchOfTheTroll: TKERS
(30:10 / All) MarchOfTheTroll: TKERS
(30:13 / All) MarchOfTheTroll: TEAL AND ORANGE TK
(30:15 / All) MarchOfTheTroll: ORANGE EXPO TOP MID
(30:17 / All) MarchOfTheTroll: FUCKING TKER
(30:18 / All) MarchOfTheTroll: OMFG
(30:23 / All) MarchOfTheTroll: ORANGE IA M REPORTING YOU MOTHERFUICKER
(30:53 / All) deaddozer: im out we have a douche on our team
(30:55 / All) jhredskins21: this is why this game is going to shit because of people like green being fucking immature and 12 years old
(30:59 / All) MarchOfTheTroll: FUCKING TKERS
(31:00 / All) MarchOfTheTroll: TKERS
(31:01 / All) MarchOfTheTroll: TKERS
(31:02 / All) MarchOfTheTroll: TKERS
(31:13 / All) MarchOfTheTroll: Fucking pussies
(31:18 / All) MarchOfTheTroll: can't get good games on bnet these days
(31:26 / All) MarchOfTheTroll: I just want to tk and get fun comments from my allies
(33:13 / All) MarchOfTheTroll: LOL NOOB YELLOW
(33:14 / All) MarchOfTheTroll: FREE AM
(35:56 / All) MarchOfTheTroll: LOL 23 HP
(37:08 / All) Drone: u two are clowns
(37:26 / All) MarchOfTheTroll: clowns are funny and so are we
(37:33 / All) MarchOfTheTroll: Which team gets the loss
(37:41 / All) DORATHEEXPL0RER: me
(37:45 / All) MarchOfTheTroll: k